 Dungeon Crawl Stone Soup version 0.21.1-1-g345015f (webtiles) character file.

14515 tidbits the Thaumaturge (level 12, -14/94 HPs)
             Began as a Gnoll Skald on June 22, 2018.
             Was an Elder of Cheibriados.
             Demolished by Snorg (18 damage)
             ... on level 3 of the Lair of Beasts.
             The game lasted 00:28:55 (2703 turns).

tidbits the Thaumaturge (Gnoll Skald)               Turns: 2703, Time: 00:28:56

Health: -14/94     AC: 16    Str: 26    XL:     12   Next: 17%
Magic:  21/24      EV: 23    Int: 30    God:    Cheibriados [****..]
Gold:   606        SH:  0    Dex: 24    Spells: 14/28 levels left

rFire    + . .     SeeInvis .   b - +8 whip of Cheibriados {venom, -Tele rN+ MR++ Str+4}
rCold    . . .     Gourm    .   (no shield)
rNeg     + . .     Faith    .   B - +2 leather armour {rF+}
rPois    +         Spirit   .   E - +0 helmet
rElec    .         Reflect  .   C - +1 cloak
rCorr    .         Harm     +   G - +0 pair of gloves
MR       ++...     NoTele   +   F - +1 pair of boots
Stlth    ++++......             x - amulet of harm
HPRegen  0.25/turn              r - +3 ring of evasion
MPRegen  0.19/turn              z - +3 ring of protection

@: singing, very slow
A: distributed training, fangs 1, hooves 1, poison resistance, strong nose
a: Bend Time, Temporal Distortion, Slouch, Renounce Religion


You were on level 3 of the Lair of Beasts.
You worshipped Cheibriados.
Cheibriados was greatly pleased with you.
You were not hungry.

You visited 2 branches of the dungeon, and saw 13 of its levels.
You also visited: Volcano.

You collected 606 gold pieces.

Inventory:

Hand Weapons
 a - a +0 hand axe
 b - the +8 whip of Cheibriados (weapon) {venom, -Tele rN+ MR++ Str+4}
   (You found it on level 5 of the Dungeon)

   It poisons the flesh of those it strikes.
   It affects your strength (+4).
   It protects you from negative energy.
   It affects your resistance to hostile enchantments.
   It prevents most forms of teleportation.
 f - a +2 scythe of slicing
   (You took it off Sigmund on level 3 of the Dungeon)
 i - a +0 dagger
 j - a +1 dagger of venom
   (You took it off Maurice on level 8 of the Dungeon)
 u - a +0 quarterstaff
 A - a +0 scimitar of flaming
   (You took it off Erica on level 9 of the Dungeon)
 J - a +0 blowgun
 O - a +2 triple sword of flaming
   (You found it in a volcano)
Missiles
 g - 81 arrows
 o - 10 javelins
 v - 5 tomahawks
 H - 2 javelins of returning (quivered)
 Q - 2 curare-tipped needles
Armour
 k - a +0 leather armour
 y - a +0 shield
 B - a +2 leather armour of fire resistance (worn)
   (You found it in a volcano)
 C - a +1 cloak (worn)
 E - a +0 helmet (worn)
 F - a +1 pair of boots (worn)
 G - a +0 pair of gloves (worn)
 M - a +1 robe of fire resistance
   (You found it in a volcano)
 N - a +1 robe of fire resistance
   (You took it off a wizard in a volcano)
 P - a +0 leather armour of cold resistance
   (You found it on level 5 of the Dungeon)
Magical Staves
 h - an uncursed staff of death {unknown}
   (You found it on level 2 of the Dungeon)
Jewellery
 r - a +3 ring of evasion (left hand)
   (You found it on level 5 of the Dungeon)
 x - an amulet of harm (around neck)
   (You found it on level 7 of the Dungeon)
 z - a +3 ring of protection (right hand)
   (You found it on level 9 of the Dungeon)
Wands
 R - a wand of iceblast (2)
Scrolls
 e - a scroll of amnesia
 p - 2 scrolls of noise
 q - 3 scrolls of teleportation
 t - a scroll of random uselessness
 I - a scroll of immolation
 K - a scroll of fog
Potions
 l - 2 potions of degeneration
 s - 2 potions of experience {unknown}
 w - a potion of heal wounds
 D - a potion of magic {unknown}
 L - 3 potions of resistance {unknown}
Books
 d - a book of Battle

   Spells                             Type                      Level
   a - Infusion                       Charms                       1
   b - Shroud of Golubria             Charms/Translocation         2
   c - Song of Slaying                Charms                       2
   d - Spectral Weapon                Hexes/Charms                 3
   e - Regeneration                   Charms/Necromancy            3
 n - a book of the Dragon
   (You found it on level 2 of the Dungeon)

   Spells                             Type                      Level
   a - Flame Tongue                   Conjuration/Fire             1
   b - Cause Fear                     Hexes                        4
   c - Bolt of Fire                   Conjuration/Fire             6
   d - Dragon Form                    Transmutation                7
   e - Dragon's Call                  Summoning                    9
Comestibles
 c - 11 rations


   Skills:
 + Level 8.4 Fighting
 + Level 6.9 Short Blades
 + Level 6.9 Long Blades
 + Level 8.4 Axes
 + Level 6.9 Maces & Flails
 + Level 6.9 Polearms
 + Level 6.9 Staves
 + Level 6.9 Slings
 + Level 6.9 Bows
 + Level 6.9 Crossbows
 + Level 6.9 Throwing
 + Level 7.4 Armour
 + Level 8.4 Dodging
 + Level 6.9 Stealth
 + Level 6.9 Shields
 + Level 6.9 Unarmed Combat
 + Level 8.6 Spellcasting
 + Level 5.7 Conjurations
 + Level 5.7 Hexes
 + Level 8.0 Charms
 + Level 5.7 Summonings
 + Level 5.7 Necromancy
 + Level 5.7 Translocations
 + Level 5.7 Transmutations
 + Level 5.7 Fire Magic
 + Level 5.7 Ice Magic
 + Level 5.7 Air Magic
 + Level 5.7 Earth Magic
 + Level 5.7 Poison Magic
 + Level 7.5 Invocations
 + Level 6.9 Evocations


You had 14 spell levels left.
You knew the following spells:

 Your Spells              Type           Power        Failure   Level  Hunger
f - Cause Fear            Hex            #####.....   4%          4    None
g - Shroud of Golubria    Chrm/Tloc      ######....   1%          2    None
r - Regeneration          Chrm/Necr      ######....   1%          3    None
w - Spectral Weapon       Hex/Chrm       ######..     1%          3    None
y - Song of Slaying       Chrm           ######..     1%          2    None


Dungeon Overview and Level Annotations

Branches:
Dungeon (10/15)              Lair (3/6) D:10
 Temple: D:4-7        Swamp: Lair:2-4    Shoals: Lair:2-4     Snake: Lair:2-4
 Spider: Lair:2-4       Orc: D:9-12

Altars:
Ashenzari
Cheibriados
Qazlal
Ru
Vehumet
Xom
Yredelemnul
Zin

Annotations:
Lair:1 Sonja
Lair:2 Urug
Lair:3 Snorg


Innate Abilities, Weirdness & Mutations

Your experience applies equally to all skills.
You have very sharp teeth.
Your uncanny sense of smell can sniff out nearby items.
You have large cloven feet.
Your system is resistant to poisons. (rPois)


Message History

Casting: Spectral Weapon
Confirm with . or Enter, or press ? or * to list all spells.
You start singing a song of slaying.
Snorg shouts!
The porcupine completely misses you.
Casting: Song of Slaying
Confirm with . or Enter, or press ? or * to list all spells.
You draw out your weapon's spirit!
The porcupine completely misses you.
A crocodile comes into view.
You are struck by the porcupine's spines.
You hit the porcupine.
The porcupine is poisoned.
Your punch misses the porcupine. You bite the porcupine.
The porcupine is heavily wounded.
Your spectral weapon barely misses the porcupine.
The porcupine barely misses you.
You are struck by the porcupine's spines.
You hit the porcupine.
You kill the porcupine!
Cheibriados thoroughly appreciates the change of pace.
Throwing (i - inventory. (,) - cycle):
H - 3 javelins of returning (quivered)
Press: ? - help, Shift-Dir - straight line, f - Snorg
Aim: Snorg You throw a javelin of returning.
The javelin of returning hits Snorg!
Snorg is lightly wounded.
The javelin of returning returns to your pack!
Throwing (i - inventory. (,) - cycle):
H - 3 javelins of returning (quivered)
Press: ? - help, Shift-Dir - straight line, f/p - Snorg
Aim: Snorg (lightly wounded)
You throw a javelin of returning. The javelin of returning hits Snorg.
Snorg is lightly wounded.
The javelin of returning fails to return to your pack!
Throwing (i - inventory. (,) - cycle):
H - 2 javelins of returning (quivered)
Press: ? - help, Shift-Dir - straight line, f/p - Snorg
Aim: Snorg (lightly wounded)
You throw a javelin of returning. The javelin of returning hits Snorg.
Snorg is moderately wounded.
The javelin of returning returns to your pack!
Snorg goes berserk!
Throwing (i - inventory. (,) - cycle):
H - 2 javelins of returning (quivered)
Press: ? - help, Shift-Dir - straight line, f/p - Snorg
Aim: Snorg (moderately wounded, berserk, fast, unusually strong)
Okay, then.
Evoke which item? (* to show all) (? for menu, Esc to quit)
Aiming: Iceblast
Press: ? - help, Shift-Dir - straight line, f/p - Snorg
Aim: Snorg (moderately wounded, berserk, fast, unusually strong)
The mass of ice explodes!
The iceblast engulfs Snorg.
Snorg is moderately wounded.
The iceblast engulfs the crocodile.
You kill the crocodile!
Cheibriados thoroughly appreciates the change of pace.
You hear a croak. x3
The crocodile barely misses you. Snorg misses you. Snorg completely misses you.
Snorg misses you.
Unknown command.
Evoke which item? (* to show all) (? for menu, Esc to quit)
Aiming: Corrosive Bolt
Press: ? - help, Shift-Dir - straight line, f/p - Snorg
Aim: Snorg (moderately wounded, berserk, fast, unusually strong)
The bolt of acid misses Snorg.
You hear an angry hiss.
Snorg bites you!! Snorg completely misses you. Snorg closely misses you.
The crocodile misses you.
A water moccasin comes into view.
Evoke which item? (* to show all) (? for menu, Esc to quit)
Aiming: Corrosive Bolt
Press: ? - help, Shift-Dir - straight line, f/p - Snorg
Aim: Snorg (moderately wounded, berserk, fast, unusually strong)
The bolt of acid hits Snorg.
Snorg is splashed with acid.
Snorg is heavily wounded.
The now-empty wand crumbles to dust.
Snorg bites you but does no damage.
Snorg claws you but does no damage. x2; The crocodile bites you!
Snorg bites you.
* * * LOW HITPOINT WARNING * * *
Snorg claws you!
* * * LOW HITPOINT WARNING * * *
Snorg completely misses you.
A crocodile comes into view.
Evoke which item? (* to show all) (? for menu, Esc to quit)
Aiming: Iceblast
Press: ? - help, Shift-Dir - straight line, p - Snorg The mass of ice explodes!
The iceblast engulfs the crocodile.
You kill the crocodile!
Cheibriados thoroughly appreciates the change of pace.
The iceblast engulfs Snorg.
Snorg is severely wounded.
You hear a croak.
Snorg misses you. Snorg claws you.
* * * LOW HITPOINT WARNING * * *
Snorg claws you!
* * * LOW HITPOINT WARNING * * *
The blink frog blinks!
Unknown command.
Evoke which item? (* to show all) (? for menu, Esc to quit)
Aiming: Iceblast
Press: ? - help, Shift-Dir - straight line The mass of ice explodes!
The iceblast engulfs Snorg.
Snorg is almost dead.
Snorg misses you. Snorg claws you!
You die...

#P..... ......
### #....#
.#..##.... ###
.......).##....
...............
...S....(......
.......@†......
......†.T†.....
#..............
..........(....
...............
.....#.....##..
.....#t.P### .
........##


You could see Snorg (berserk), a water moccasin, a crocodile and a friendly
spectral whip of Cheibriados {venom, -Tele rN+ MR++ Str+4}.

Vanquished Creatures
  Erica (D:9)
  A dancing weapon (Volcano)
  4 wizards (Volcano)
  5 toenail golems (Volcano)
  Maurice (D:8)
  6 komodo dragons
  A queen bee (D:8)
  4 hippogriffs
  Sigmund (D:3)
  2 wyverns
  2 basilisks
  14 yaks
  A soldier ant (D:10)
  3 water moccasins
  6 porcupines
  A sky beast (D:9)
  A phantom (D:8)
  2 ogres
  2 centaurs
  7 crocodiles
  3 bullfrogs
  A scorpion (D:10)
  13 killer bees (D:8)
  2 crimson imps
  2 bullfrog zombies
  A quasit (D:9)
  2 jellies
  3 orc wizards
  5 orc priests
  A bullfrog skeleton (D:4)
  6 iguanas
  A worker ant (D:6)
  A hound skeleton (D:8)
  A worker ant zombie (D:7)
  4 adders
  An adder zombie (D:8)
  3 leopard geckos
  8 orcs
  4 bats
  3 giant cockroaches
  2 goblins
  A hobgoblin (D:3)
  5 jackals
  2 quokkas
  2 frilled lizards
  A kobold (D:2)
  2 rats (D:2)
145 creatures vanquished.

Vanquished Creatures (others)
  A wizard (Volcano)
  2 spectral weapons
3 creatures vanquished.

Grand Total: 148 creatures vanquished

Notes
Turn   | Place    | Note
-------+----------+-------------------------------------------
     0 | D:1      | tidbits the Gnoll Skald began the quest for the Orb.
     0 | D:1      | Reached XP level 1. HP: 20/20 MP: 6/6
    38 | D:2      | Found a radiant altar of Vehumet.
   160 | D:3      | Reached XP level 2. HP: 25/26 MP: 4/7
   164 | D:3      | Learned a level 2 spell: Song of Slaying
   167 | D:3      | Learned a level 2 spell: Shroud of Golubria
   301 | D:4      | Found a glowing silver altar of Zin.
   301 | D:4      | Noticed an angel
   302 | D:4      | Found a shimmering altar of Xom.
   327 | D:5      | Entered Level 5 of the Dungeon
   329 | D:5      | Noticed a phantom
   331 | D:5      | Found a basalt altar of Yredelemnul.
   459 | D:2      | Reached XP level 3. HP: 31/31 MP: 9/9
   464 | D:2      | Learned a level 3 spell: Regeneration
   468 | D:2      | Learned a level 3 spell: Spectral Weapon
   475 | D:3      | Noticed Sigmund
   488 | D:3      | Killed Sigmund
   488 | D:3      | Reached skill level 1 in Short Blades
   488 | D:3      | Reached skill level 1 in Long Blades
   488 | D:3      | Reached skill level 1 in Maces & Flails
   488 | D:3      | Reached skill level 1 in Polearms
   488 | D:3      | Reached skill level 1 in Staves
   488 | D:3      | Reached skill level 1 in Slings
   488 | D:3      | Reached skill level 1 in Bows
   488 | D:3      | Reached skill level 1 in Crossbows
   488 | D:3      | Reached skill level 1 in Throwing
   488 | D:3      | Reached skill level 3 in Armour
   488 | D:3      | Reached skill level 1 in Stealth
   488 | D:3      | Reached skill level 1 in Shields
   488 | D:3      | Reached skill level 1 in Unarmed Combat
   488 | D:3      | Reached skill level 5 in Spellcasting
   488 | D:3      | Reached skill level 1 in Conjurations
   488 | D:3      | Reached skill level 1 in Hexes
   488 | D:3      | Reached skill level 1 in Summonings
   488 | D:3      | Reached skill level 1 in Necromancy
   488 | D:3      | Reached skill level 1 in Translocations
   488 | D:3      | Reached skill level 1 in Transmutations
   488 | D:3      | Reached skill level 1 in Fire Magic
   488 | D:3      | Reached skill level 1 in Ice Magic
   488 | D:3      | Reached skill level 1 in Air Magic
   488 | D:3      | Reached skill level 1 in Earth Magic
   488 | D:3      | Reached skill level 1 in Poison Magic
   488 | D:3      | Reached skill level 1 in Invocations
   488 | D:3      | Reached skill level 1 in Evocations
   488 | D:3      | Reached XP level 4. HP: 23/38 MP: 11/11
   488 | D:3      | Reached XP level 5. HP: 26/43 MP: 12/12
   525 | D:4      | Reached XP level 6. HP: 25/50 MP: 8/13
   531 | D:4      | Reached skill level 2 in Invocations
   605 | D:4      | Reached skill level 5 in Fighting
   605 | D:4      | Reached skill level 5 in Axes
   605 | D:4      | Reached skill level 5 in Dodging
   621 | D:4      | Reached skill level 2 in Short Blades
   621 | D:4      | Reached skill level 2 in Long Blades
   621 | D:4      | Reached skill level 2 in Maces & Flails
   621 | D:4      | Reached skill level 2 in Polearms
   621 | D:4      | Reached skill level 2 in Staves
   621 | D:4      | Reached skill level 2 in Slings
   621 | D:4      | Reached skill level 2 in Bows
   621 | D:4      | Reached skill level 2 in Crossbows
   621 | D:4      | Reached skill level 2 in Throwing
   621 | D:4      | Reached skill level 2 in Stealth
   621 | D:4      | Reached skill level 2 in Shields
   621 | D:4      | Reached skill level 2 in Unarmed Combat
   621 | D:4      | Reached skill level 2 in Evocations
   718 | D:5      | Found a sacrificial altar of Ru.
   819 | D:5      | Got a brightly glowing whip
   820 | D:5      | Identified the +8 whip of Cheibriados {venom, -Tele rN+ MR++ Str+4} (You found it on level 5 of the Dungeon)
   836 | D:6      | Reached XP level 7. HP: 56/56 MP: 9/15
   945 | D:6      | Reached skill level 2 in Conjurations
   945 | D:6      | Reached skill level 2 in Hexes
   945 | D:6      | Reached skill level 2 in Summonings
   945 | D:6      | Reached skill level 2 in Necromancy
   945 | D:6      | Reached skill level 2 in Translocations
   945 | D:6      | Reached skill level 2 in Transmutations
   945 | D:6      | Reached skill level 2 in Fire Magic
   945 | D:6      | Reached skill level 2 in Ice Magic
   945 | D:6      | Reached skill level 2 in Air Magic
   945 | D:6      | Reached skill level 2 in Earth Magic
   945 | D:6      | Reached skill level 2 in Poison Magic
  1039 | D:7      | Noticed a hippogriff
  1047 | D:7      | Reached skill level 3 in Invocations
  1060 | D:7      | Killed a hippogriff
  1060 | D:7      | Reached skill level 6 in Charms
  1060 | D:7      | Reached XP level 8. HP: 52/63 MP: 14/16
  1072 | D:7      | Found a stormy altar of Qazlal.
  1093 | D:7      | Reached skill level 3 in Short Blades
  1093 | D:7      | Reached skill level 3 in Long Blades
  1093 | D:7      | Reached skill level 3 in Maces & Flails
  1093 | D:7      | Reached skill level 3 in Polearms
  1093 | D:7      | Reached skill level 3 in Staves
  1093 | D:7      | Reached skill level 3 in Slings
  1093 | D:7      | Reached skill level 3 in Bows
  1093 | D:7      | Reached skill level 3 in Crossbows
  1093 | D:7      | Reached skill level 3 in Throwing
  1093 | D:7      | Reached skill level 4 in Armour
  1093 | D:7      | Reached skill level 3 in Stealth
  1093 | D:7      | Reached skill level 3 in Shields
  1093 | D:7      | Reached skill level 3 in Unarmed Combat
  1093 | D:7      | Reached skill level 3 in Evocations
  1229 | D:7      | Found a snail-covered altar of Cheibriados.
  1237 | D:7      | Became a worshipper of Cheibriados the Contemplative
  1283 | D:9      | Noticed a hippogriff
  1289 | D:9      | Killed a hippogriff
  1289 | D:9      | Reached skill level 6 in Spellcasting
  1305 | D:8      | Noticed Maurice
  1314 | D:8      | Gained mutation: Your system is resistant to poisons. (rPois) [potion of mutation]
  1314 | D:8      | Gained mutation: You have large cloven feet. [potion of mutation]
  1328 | D:8      | Killed Maurice
  1328 | D:8      | Reached skill level 3 in Conjurations
  1328 | D:8      | Reached skill level 3 in Hexes
  1328 | D:8      | Reached skill level 3 in Summonings
  1328 | D:8      | Reached skill level 3 in Necromancy
  1328 | D:8      | Reached skill level 3 in Translocations
  1328 | D:8      | Reached skill level 3 in Transmutations
  1328 | D:8      | Reached skill level 3 in Fire Magic
  1328 | D:8      | Reached skill level 3 in Ice Magic
  1328 | D:8      | Reached skill level 3 in Air Magic
  1328 | D:8      | Reached skill level 3 in Earth Magic
  1328 | D:8      | Reached skill level 3 in Poison Magic
  1328 | D:8      | Reached skill level 4 in Invocations
  1328 | D:8      | Reached XP level 9. HP: 16/69 MP: 16/18
  1341 | D:8      | Reached skill level 6 in Fighting
  1341 | D:8      | Reached skill level 6 in Axes
  1341 | D:8      | Reached skill level 6 in Dodging
  1373 | D:8      | Noticed a queen bee
  1381 | D:8      | Killed a queen bee
  1381 | D:8      | Reached skill level 4 in Short Blades
  1381 | D:8      | Reached skill level 4 in Long Blades
  1381 | D:8      | Reached skill level 4 in Maces & Flails
  1381 | D:8      | Reached skill level 4 in Polearms
  1381 | D:8      | Reached skill level 4 in Staves
  1381 | D:8      | Reached skill level 4 in Slings
  1381 | D:8      | Reached skill level 4 in Bows
  1381 | D:8      | Reached skill level 4 in Crossbows
  1381 | D:8      | Reached skill level 4 in Throwing
  1381 | D:8      | Reached skill level 4 in Stealth
  1381 | D:8      | Reached skill level 4 in Shields
  1381 | D:8      | Reached skill level 4 in Unarmed Combat
  1381 | D:8      | Reached skill level 4 in Evocations
  1384 | D:8      | Reached * piety under Cheibriados
  1387 | D:8      | Reached skill level 5 in Armour
  1571 | D:9      | Reached ** piety under Cheibriados
  1610 | D:9      | Noticed Erica
  1626 | D:9      | Killed Erica
  1626 | D:9      | Reached skill level 7 in Spellcasting
  1626 | D:9      | Reached skill level 5 in Invocations
  1626 | D:9      | Reached XP level 10. HP: 76/77 MP: 14/20
  1640 | D:9      | Reached skill level 4 in Conjurations
  1640 | D:9      | Reached skill level 4 in Hexes
  1640 | D:9      | Reached skill level 4 in Summonings
  1640 | D:9      | Reached skill level 4 in Necromancy
  1640 | D:9      | Reached skill level 4 in Translocations
  1640 | D:9      | Reached skill level 4 in Transmutations
  1640 | D:9      | Reached skill level 4 in Fire Magic
  1640 | D:9      | Reached skill level 4 in Ice Magic
  1640 | D:9      | Reached skill level 4 in Air Magic
  1640 | D:9      | Reached skill level 4 in Earth Magic
  1640 | D:9      | Reached skill level 4 in Poison Magic
  1697 | D:9      | Reached skill level 5 in Short Blades
  1697 | D:9      | Reached skill level 5 in Long Blades
  1697 | D:9      | Reached skill level 5 in Maces & Flails
  1697 | D:9      | Reached skill level 5 in Polearms
  1697 | D:9      | Reached skill level 5 in Staves
  1697 | D:9      | Reached skill level 5 in Slings
  1697 | D:9      | Reached skill level 5 in Bows
  1697 | D:9      | Reached skill level 5 in Crossbows
  1697 | D:9      | Reached skill level 5 in Throwing
  1697 | D:9      | Reached skill level 5 in Stealth
  1697 | D:9      | Reached skill level 5 in Shields
  1697 | D:9      | Reached skill level 5 in Unarmed Combat
  1697 | D:9      | Reached skill level 5 in Evocations
  1744 | D:9      | Found a shattered altar of Ashenzari.
  1776 | D:10     | Entered Level 10 of the Dungeon
  1788 | D:9      | Reached skill level 7 in Charms
  1823 | D:10     | Reached skill level 7 in Fighting
  1823 | D:10     | Reached skill level 7 in Axes
  1823 | D:10     | Reached skill level 7 in Dodging
  1839 | D:10     | Found a staircase to the Lair.
  1859 | D:10     | Reached skill level 6 in Armour
  1888 | D:10     | Reached skill level 6 in Invocations
  1892 | Lair:1   | Entered Level 1 of the Lair of Beasts
  1907 | Lair:1   | Learned a level 4 spell: Cause Fear
  1969 | Lair:1   | Reached *** piety under Cheibriados
  2080 | Lair:1   | Reached XP level 11. HP: 80/84 MP: 13/22
  2219 | Lair:1   | Found a dark tunnel.
  2225 | Lair:1   | Noticed Sonja
  2227 | Lair:1   | Reached skill level 6 in Short Blades
  2227 | Lair:1   | Reached skill level 6 in Long Blades
  2227 | Lair:1   | Reached skill level 6 in Maces & Flails
  2227 | Lair:1   | Reached skill level 6 in Polearms
  2227 | Lair:1   | Reached skill level 6 in Staves
  2227 | Lair:1   | Reached skill level 6 in Slings
  2227 | Lair:1   | Reached skill level 6 in Bows
  2227 | Lair:1   | Reached skill level 6 in Crossbows
  2227 | Lair:1   | Reached skill level 6 in Throwing
  2227 | Lair:1   | Reached skill level 6 in Stealth
  2227 | Lair:1   | Reached skill level 6 in Shields
  2227 | Lair:1   | Reached skill level 6 in Unarmed Combat
  2227 | Lair:1   | Reached skill level 6 in Evocations
  2253 | Volcano  | Entered a volcano
  2261 | Volcano  | Noticed a wizard
  2265 | Volcano  | Killed a wizard
  2265 | Volcano  | Reached skill level 5 in Conjurations
  2265 | Volcano  | Reached skill level 5 in Hexes
  2265 | Volcano  | Reached skill level 5 in Summonings
  2265 | Volcano  | Reached skill level 5 in Necromancy
  2265 | Volcano  | Reached skill level 5 in Translocations
  2265 | Volcano  | Reached skill level 5 in Transmutations
  2265 | Volcano  | Reached skill level 5 in Fire Magic
  2265 | Volcano  | Reached skill level 5 in Ice Magic
  2265 | Volcano  | Reached skill level 5 in Air Magic
  2265 | Volcano  | Reached skill level 5 in Earth Magic
  2265 | Volcano  | Reached skill level 5 in Poison Magic
  2273 | Volcano  | Noticed a wizard
  2283 | Volcano  | Reached skill level 8 in Spellcasting
  2288 | Volcano  | Killed a wizard
  2297 | Volcano  | Noticed a wizard
  2300 | Volcano  | Noticed a wizard
  2307 | Volcano  | Killed a wizard
  2311 | Volcano  | Killed a wizard
  2311 | Volcano  | Reached skill level 7 in Invocations
  2331 | Volcano  | Noticed a wizard
  2337 | Volcano  | Killed a wizard
  2337 | Volcano  | Reached skill level 8 in Fighting
  2337 | Volcano  | Reached skill level 8 in Axes
  2337 | Volcano  | Reached skill level 7 in Armour
  2337 | Volcano  | Reached skill level 8 in Dodging
  2402 | Volcano  | Noticed a mace of flaming
  2413 | Volcano  | Killed a mace of flaming
  2542 | Lair:2   | Reached XP level 12. HP: 72/93 MP: 19/24
  2593 | Lair:2   | Noticed Urug
  2653 | Lair:2   | Reached **** piety under Cheibriados
  2657 | Lair:2   | Reached skill level 8 in Charms
  2691 | Lair:3   | Noticed Snorg
  2702 | Lair:3   | HP: 3/94 [Snorg (18)]
  2703 | Lair:3   | Demolished by Snorg

Skill      XL: |  1  2  3  4  5  6  7  8  9 10 11 12 |
---------------+-------------------------------------+-----
Short Blades   | 1 2 3 4 5 6 |  6.9
Long Blades    | 1 2 3 4 5 6 |  6.9
Maces & Flails | 1 2 3 4 5 6 |  6.9
Polearms       | 1 2 3 4 5 6 |  6.9
Staves         | 1 2 3 4 5 6 |  6.9
Slings         | 1 2 3 4 5 6 |  6.9
Bows           | 1 2 3 4 5 6 |  6.9
Crossbows      | 1 2 3 4 5 6 |  6.9
Throwing       | 1 2 3 4 5 6 |  6.9
Armour         | 3 4 5 6 7 |  7.4
Stealth        | 1 2 3 4 5 6 |  6.9
Shields        | 1 2 3 4 5 6 |  6.9
Unarmed Combat | 1 2 3 4 5 6 |  6.9
Spellcasting   | 5 6 7 8 |  8.6
Conjurations   | 1 2 3 4 5 |  5.7
Hexes          | 1 2 3 4 5 |  5.7
Summonings     | 1 2 3 4 5 |  5.7
Necromancy     | 1 2 3 4 5 |  5.7
Translocations | 1 2 3 4 5 |  5.7
Transmutations | 1 2 3 4 5 |  5.7
Fire Magic     | 1 2 3 4 5 |  5.7
Ice Magic      | 1 2 3 4 5 |  5.7
Air Magic      | 1 2 3 4 5 |  5.7
Earth Magic    | 1 2 3 4 5 |  5.7
Poison Magic   | 1 2 3 4 5 |  5.7
Invocations    | 1 2 3 4 5 6 7 |  7.5
Evocations     | 1 2 3 4 5 6 |  6.9
Fighting       | 5 6 7 8 |  8.4
Axes           | 5 6 7 8 |  8.4
Dodging        | 5 6 7 8 |  8.4
Charms         | 6 7 8 |  8.0

Action                   |  1- 3 |  4- 6 |  7- 9 | 10-12 || total
-------------------------+-------+-------+-------+-------++-------
Melee: Hand axe          |    24 |       |       |       ||    24
       Bite              |     6 |     4 |     9 |    47 ||    66
       Quarterstaff      |    25 |    38 |       |       ||    63
       Whip              |       |     3 |   100 |   186 ||   289
       Punch             |       |       |     2 |    11 ||    13
Throw: Tomahawk          |       |       |     1 |       ||     1
       Javelin           |       |       |       |    12 ||    12
 Cast: Infusion          |     5 |       |       |       ||     5
       Song of Slaying   |     2 |     3 |     5 |    14 ||    24
       Spectral Weapon   |       |     8 |    12 |    23 ||    43
       Regeneration      |       |     2 |     8 |    12 ||    22
       Shroud of Golubri |       |       |     6 |    11 ||    17
Evoke: Wand              |     7 |     5 |    11 |     7 ||    30
  Use: Scroll            |     2 |       |     5 |     4 ||    11
       Potion            |     1 |       |     3 |       ||     4
 Stab: Sleeping          |     1 |       |     1 |     1 ||     3
       Distracted        |       |       |     1 |     3 ||     4
  Eat: Chunk             |       |       |     4 |       ||     4
       Ration            |       |       |       |     1 ||     1
Armor: Leather armour    |    25 |     7 |    33 |    22 ||    87
       Robe              |       |       |       |     7 ||     7
       Skin              |       |       |       |     4 ||     4
Dodge: Dodged            |    77 |    38 |    99 |   122 ||   336

Table legend:
 A = Turns spent in this place as a percentage of turns spent in the entire game.
 B = Non-inter-level travel turns spent in this place as a percentage of non-inter-level travel turns spent in the entire game.
 C = Inter-level travel turns spent in this place as a percentage of turns spent in this place.
 D = Turns resting spent in this place as a percentage of non-inter-level travel turns spent in this place.
 E = Turns spent auto-exploring this place as a percentage of non-inter-level travel turns spent in this place.
 F = Non-inter-level travel turns spent in this place divided by the number of levels of this place that you've seen.
                   A       B       C       D       E      F
               +-------+-------+-------+-------+-------+----------------------
         Total | 100.0 | 100.0 |   0.7 |   0.0 |   0.0 | 191.7
       Dungeon |  70.0 |  69.8 |   1.0 |   0.0 |   0.0 | 187.3
          Lair |  21.3 |  21.5 |   0.0 |   0.0 |   0.0 | 192.0
       Volcano |   8.7 |   8.8 |   0.0 |   0.0 |   0.0 | 235.0
               +-------+-------+-------+-------+-------+----------------------

Table legend:
 A = Kills in this place as a percentage of kills in entire the game.
 B = Kills by you in this place as a percentage of kills by you in the entire game.
 C = Kills by friends in this place as a percentage of kills by friends in the entire game.
 D = Other kills in this place as a percentage of other kills in the entire game.
 E = Experience gained in this place as a percentage of experience gained in the entire game.
 F = Experience gained in this place divided by the number of levels of this place that you have seen.
                   A       B       C       D       E      F
               +-------+-------+-------+-------+-------+----------------------
         Total | 100.0 | 100.0 |   N/A | 100.0 | 100.0 | 1481.1
       Dungeon |  69.9 |  70.3 |   N/A |   0.0 |  37.9 | 785.1
          Lair |  22.6 |  22.8 |   N/A |   0.0 |  29.2 | 2017.3
       Volcano |   7.5 |   6.9 |   N/A | 100.0 |  33.0 | 6833.0
               +-------+-------+-------+-------+-------+----------------------

Vault maps used:
D:1:      dpeg_arrival_connections, xom_teletrap_fun
D:2:      grunt_temple_overflow_magic_moments
D:3:      first_ration, uniq_sigmund
D:4:      grunt_temple_overflow_order_and_chaos_1, minmay_temple_entry_fiery
D:5:      old_standard_altar, lemuel_round_altar, uniq_crazy_yiuf_cottage
D:7:      old_standard_altar, lemuel_round_altar, serial_shops, shop
D:8:      kennysheep_orc_sif_temple, david_nohive_1, uniq_maurice
D:9:      grunt_temple_overflow_opulence, lemuel_doored_altar, basic_altar,
          grunt_ministairs_15, uniq_erica
D:10:     minmay_lair_entry_grove, corner_web_ring, minmay_statue_crystal_thing,
          uniq_nergalle, uniq_fannar
Lair:1:   beast_lair_carwin_large_3, nicolae_volcano_entry_lava_flow, uniq_sonja
Lair:2:   grunt_megastairs_5, minmay_lair_oklob_chamber, uniq_urug
Lair:3:   dragon1_lemuel, spider_nest_entry_a, infiniplex_staircase_pool_2,
          uniq_snorg
Volcano:  volcano_bunker
